 Dungeon Crawl Stone Soup version 0.28-a0-723-g095bd1b44f (webtiles) character file.

Game seed: 4351985731689713034

456 blank1 the Skirmisher (level 7, -5/61 HPs)
             Began as a Ghoul Monk on Oct 26, 2021.
             Was an Elder of Trog.
             Slain by a wight (6 damage)
             ... on level 6 of the Dungeon.
             The game lasted 00:09:14 (4598 turns).

blank1 the Skirmisher (Ghoul Monk)                  Turns: 4598, Time: 00:09:15

Health: -5/61      AC:  9    Str: 16    XL:     7   Next: 6%
Magic:  15/15      EV:  8    Int:  5    God:    Trog [****..]
Gold:   260        SH:  0    Dex: 15    Spells: 6/6 levels left

rFire   + . .      SeeInvis .   q - +9 falchion of the Curious Places {elec, rN+ MP+9 Dex+3}
rCold   + . .      Faith    .   (no shield)
rNeg    + + +      Spirit   .   f - +0 chain mail
rPois   ∞          Reflect  .   (no helmet)
rElec   .          Harm     .   (no cloak)
rCorr   .          Rampage  .   (no gloves)
Will    ++...                   (no boots)
Stlth   ..........              (no amulet)
HPRegen 1.00/turn               h - ring of protection from fire
MPRegen 0.14/turn               (no ring)

@: strong-willed, regenerating
A: claws 1, cold resistance 1, negative energy resistance 3, inhibited
regeneration, torment resistance 2
a: Renounce Religion, Trog's Hand, Brothers in Arms


You were on level 6 of the Dungeon.
You worshipped Trog.
Trog was greatly pleased with you.
You visited 1 branch of the dungeon, and saw 6 of its levels.

You collected 280 gold pieces.
You spent 20 gold pieces at shops.

Inventory:

Hand Weapons
 q - the +9 falchion of the Curious Places (weapon) {elec, rN+ MP+9 Dex+3}
   (You found it on level 4 of the Dungeon)

   It occasionally discharges a powerful burst of electricity upon striking a
   foe.
   Dex:       It affects your dexterity (+3).
   rN:        It protects you from negative energy.
   MP:        It affects your magic capacity (+9).
Armour
 f - a +0 chain mail (worn)
Jewellery
 h - a ring of protection from fire (left claw)
Wands
 p - a wand of iceblast (8)
 t - a wand of acid (8)
Scrolls
 b - 2 scrolls of magic mapping {unknown}
 c - 2 scrolls of teleportation {unknown}
 g - 3 scrolls of noise {unknown}
 i - 2 scrolls of enchant armour {unknown}
 j - a scroll of blinking {unknown}
 l - 4 scrolls of fear {unknown}
 s - a scroll of identify
Potions
 a - 2 potions of curing
 d - 4 potions of haste
 e - 3 potions of heal wounds
 k - a potion of brilliance
 m - a potion of flight {unknown}
 n - a potion of berserk rage {unknown}
 o - a potion of ambrosia {unknown}
 r - a potion of might {unknown}


   Skills:
 + Level 5.1 Fighting
 + Level 2.1 Long Blades
 + Level 3.1 Armour
 - Level 4.0 Dodging
 - Level 2.6 Stealth
 - Level 4.0 Unarmed Combat


You had 6 spell levels left.
You didn't know any spells.
Your spell library was empty.

Dungeon Overview and Level Annotations

Branches:
Dungeon (5/15)
 Temple: D:4-7

Altars:
Dithmenos
Elyvilon
Fedhas
Gozag
Okawaru
Sif Muna
Trog

Shops:
D:2 ?:(?   D:5 (


Innate Abilities, Weirdness & Mutations

You thrive by killing the living.
You are immune to poison.
You have sharp fingernails.
Your flesh is cold resistant. (rC+)
You are immune to negative energy. (rN+++)
You do not regenerate when monsters are visible.
You are immune to unholy pain and torment.


Message History

Training target 3.0 for Armour reached!
Training target 5.0 for Fighting reached!
Your Fighting skill increases to level 5!
Your Long Blades skill increases to level 2!
Your Armour skill increases to level 3!
You need to enable at least one skill for training.
The wight hits you from afar with a +5 halberd!
The wight hits you but does no damage.
You hit the wight.
The wight is moderately damaged.
The wight hits you but does no damage. x2
You barely miss the wight.
The wight is moderately damaged.
The wight misses you. The wight hits you but does no damage.
You slash the wight!
You destroy the wight!
Trog accepts your kill.
The wight hits you from afar with a +5 halberd!
You have reached level 7!
The wight closely misses you.
Items here: )) [[.
You slash the wight!
The wight is severely damaged.
The wight closely misses you. The wight hits you but does no damage.
The wight hits you with a +5 halberd!
You closely miss the wight.
The wight is severely damaged.
The wight closely misses you. The wight hits you with a +3 falchion.
You closely miss the wight.
The wight is severely damaged.
The wight hits you with a +3 falchion.
* * * LOW HITPOINT WARNING * * *
The wight hits you with a +5 halberd!
* * * LOW HITPOINT WARNING * * *
You hit the wight but do no damage.
The wight is severely damaged.
The wight hits you with a +5 halberd!
* * * LOW HITPOINT WARNING * * *
The wight hits you with a +3 falchion.
You die...

### #.#.# #....
#.#.## .
......##.#.. ..
#.... ...... ...
.....###...###
...# ............
....#
#...##.####.....#
.
+...'...z@z......
..
#...#..####.....#
... #...#.....
..>.. ..
#...#.##### #.##
#.###...#.# #
#.......#.#
####....#..
#....### #.####


You could see 2 wights.

Vanquished Creatures
  2 wights (D:6)
  A hound (D:5)
  A bullfrog zombie (D:5)
  2 jellies
  A bullfrog skeleton (D:5)
  A scorpion zombie (D:5)
  2 orc wizards
  2 adders
  A white imp (D:5)
  An ufetubus (D:5)
  A worm (D:4)
  5 dart slugs
  23 orcs
  5 bats
  2 bat skeletons (D:5)
  A bat zombie (D:5)
  8 endoplasms
  2 giant cockroaches (D:1)
  5 goblins
  2 hobgoblins
  10 jackals
  3 quokkas
  5 ball pythons
  6 kobolds
  A rat (D:1)
93 creatures vanquished.

Notes
Turn   | Place    | Note
-------+----------+-------------------------------------------
     0 | D:1      | blank1 the Ghoul Monk began the quest for the Orb.
     0 | D:1      | Reached XP level 1. HP: 19/19 MP: 0/0
   103 | D:1      | Found a faded altar of an unknown god.
   129 | D:1      | Reached XP level 2. HP: 21/26 MP: 1/1
   141 | D:1      | Prayed at the altar of an unknown god.
   141 | D:1      | Became a worshipper of Trog the Wrathful
   141 | D:1      | Reached * piety under Trog
   141 | D:1      | Reached ** piety under Trog
   591 | D:1      | Reached XP level 3. HP: 29/33 MP: 2/2
   987 | D:2      | Found Najayxiz's Magic Scroll Boutique.
   992 | D:2      | Found a shimmering blue altar of Sif Muna.
  1076 | D:2      | You fall into a shaft and drop 2 floors!
  1131 | D:4      | Reached *** piety under Trog
  1300 | D:4      | Found a shadowy altar of Dithmenos.
  1315 | D:4      | Found an iron altar of Okawaru.
  1318 | D:4      | Found a blossoming altar of Fedhas.
  1520 | D:3      | Reached XP level 4. HP: 36/40 MP: 3/3
  1602 | D:3      | Reached skill level 4 in Fighting
  1755 | D:3      | Reached skill level 1 in Armour
  1792 | D:3      | HP: 2/40 [orc (2)]
  2207 | D:2      | Reached XP level 5. HP: 46/46 MP: 4/4
  2521 | D:2      | Found Lowas's Weapon Shoppe.
  2565 | D:2      | Found Ivooner's Book Emporium.
  2592 | D:2      | Found Ynak's Magic Scroll Emporium.
  2649 | D:2      | Bought a scroll of identify for 20 gold pieces
  2923 | D:3      | Reached **** piety under Trog
  3218 | D:4      | Identified the +9 falchion of the Curious Places {elec, rN+
                  | MP+9 Dex+3}
  3738 | D:5      | Entered Level 5 of the Dungeon
  3925 | D:5      | Reached skill level 1 in Long Blades
  3925 | D:5      | Reached XP level 6. HP: 44/53 MP: 5/5
  4164 | D:5      | Found Heap's Firing Range.
  4378 | D:5      | Found an opulent altar of Gozag.
  4560 | D:5      | You fall into a shaft and drop 1 floor!
  4589 | D:6      | Reached skill level 5 in Fighting
  4594 | D:6      | Reached XP level 7. HP: 34/61 MP: 6/6
  4598 | D:6      | HP: 1/61 [wight (9)]
  4598 | D:6      | Slain by a wight

Illustrated notes

Levels and vault maps discovered:
D:1:      denvon_arrival_waterhouse, layout_basic, basic_ecumenical_altar,
          serial_bayou_lagoon_b
D:2:      layout_loops_cross, serial_shops, nicolae_shop_stone, shop,
          nicolae_lakefront_shop, shop_scrolls, basic_altar
D:3:      layout_loops_ring, minivault_14
D:4:      layout_loops_ring, grunt_temple_overflow_cloverleaf
D:5:      layout_basic, kennysheep_vampire_church,
          mainiacjoe_overflow_six_doors_small, nicolae_shop_firing_range
D:6:      layout_basic, mainiacjoe_overflow_chevrons, xom_butterflies,
          serial_glass, glass_columns_b, glass_columns_a, glass_columns_b,
          glass_columns_a, glass_columns_a, glass_columns_a, glass_columns_b,
          glass_columns_c, serial_bayou_lagoon_a, minmay_shop_mayhem

Skill      XL: |  1  2  3  4  5  6 |
---------------+-------------------+-----
Dodging        | 3 4 |  4.0
Fighting       | 4 5 |  5.1
Armour         | 1 2 3 |  3.1
Unarmed Combat | 4 |  4.0
Long Blades    | 1 2 |  2.1
Stealth        | |  2.6

Action                   |  1- 3 |  4- 6 |  7- 9 || total
-------------------------+-------+-------+-------++-------
Melee: Unarmed           |   117 |   132 |       ||   249
       Punch             |     1 |     3 |       ||     4
       Falchion          |       |    62 |     4 ||    66
Invok: Trog's Hand       |       |     1 |       ||     1
  Use: Scroll            |       |     4 |       ||     4
 Stab: Sleeping          |     1 |       |       ||     1
Armor: Robe              |     9 |       |       ||     9
       Chain mail        |    20 |   114 |     1 ||   135
Dodge: Dodged            |    36 |    81 |     3 ||   120

Table legend: (Time is in decaauts)
 A = Elapsed time spent in this place.
 B = Non-inter-level travel time spent in this place.
 C = Inter-level travel time spent in this place.
 D = Time resting spent in this place.
 E = Time spent auto-exploring this place.
 F = Levels seen in this place.
 G = Mean time per level.
                   A        B        C        D        E       F      G
               +--------+--------+--------+--------+--------+-----+--------+
         Total |   4611 |   4481 |    130 |    557 |   3020 |   6 |  768.5 |
       Dungeon |   4611 |   4481 |    130 |    557 |   3020 |   6 |  768.5 |
               +--------+--------+--------+--------+--------+-----+--------+

Top non-repeatable levels by time:
     D:2: 1101 daAuts
     D:4: 940 daAuts
     D:3: 860 daAuts
     D:5: 836 daAuts
     D:1: 833 daAuts
     D:6: 39 daAuts
